 Dungeon Crawl Stone Soup version 0.24-a0-458-gfcb5e6da0e (webtiles) character file.

Game seed: 17977872577408014209

35 KristoblXynda the Slasher (level 3, -3/30 HPs)
             Began as a Draconian Gladiator on June 27, 2019.
             Slain by a worm (10 damage)
             ... on level 2 of the Dungeon.
             The game lasted 00:01:05 (791 turns).

KristoblXynda the Slasher (Draconian Gladiator)      Turns: 791, Time: 00:01:05

Health: -3/30      AC:  6    Str: 16    XL:     3   Next: 16%
Magic:  3/3        EV: 13    Int:  9    God:
Gold:   52         SH:  0    Dex: 12    Spells: 2/2 levels left

rFire    . . .     SeeInvis .   a - +0 long sword
rCold    . . .     Gourm    .   (no shield)
rNeg     . . .     Faith    .   (armour unavailable)
rPois    .         Spirit   .   b - +0 hat
rElec    .         Reflect  .   (no cloak)
rCorr    .         Harm     .   g - +0 pair of gloves
MR       .....                  (no boots)
Stlth    +.........             (no amulet)
HPRegen  0.10/turn              (no ring)
MPRegen  0.08/turn              (no ring)

@: no status effects
A: unfitting armour, cold-blooded, AC +5
a: no special abilities


You were on level 2 of the Dungeon.
You were not hungry.

You visited 1 branch of the dungeon, and saw 2 of its levels.

You collected 52 gold pieces.

Inventory:

Hand Weapons
 a - a +0 long sword (weapon)
Missiles
 c - 3 throwing nets (quivered)
Armour
 b - a +0 hat (worn)
 g - a +0 pair of gloves (worn)
Jewellery
 e - a +5 amulet of reflection {unknown}
Scrolls
 f - a scroll of fear {unknown}
 h - a scroll of enchant weapon {unknown}
 i - a scroll of immolation {unknown}
 k - a scroll of teleportation {unknown}
Potions
 j - a potion of curing {unknown}
Comestibles
 d - 3 rations


   Skills:
 + Level 2.7 Fighting
 * Level 3.5 Long Blades
 - Level 2.0 Throwing
 + Level 3.0 Dodging


You had 2 spell levels left.
You didn't know any spells.
Your spell library was empty.

Dungeon Overview and Level Annotations

Branches:
Dungeon (2/15)

Altars:


Innate Abilities, Weirdness & Mutations

Your plain brown scales are hard. (AC +5)
You cannot fit into any form of body armour.
You are cold-blooded and may be slowed by cold attacks.


Message History

A worm comes into view.
A worm is nearby!
A worm is nearby!
The worm bites you!
You slash the worm!
The worm is heavily wounded.
The worm bites you.
You hit the worm. You tail-slap the worm.
The worm is severely wounded.
You completely miss the worm.
The worm is severely wounded.
The worm bites you.
You hit the worm but do no damage. You tail-slap the worm.
The worm is severely wounded.
The worm bites you!
* * * LOW HITPOINT WARNING * * *
You barely miss the worm.
The worm is heavily wounded.
The worm bites you!
You die...

#.# #.# #.# #.#
######.#
.....#.############
...................
#..#.#.###.....########
...#.#.# #......@w....#
...#.#.#
#......#####...
.....#.# #..<........
.....#.# #...........
.....#.# ##.##....###
...#.#.# #..##......
#..#.#...............
.........#).####.....
†#.#..[..... .....


You could see a worm.

Vanquished Creatures
  A dart slug (D:1)
  3 bats
  2 giant cockroaches (D:1)
  6 goblins (D:1)
  5 hobgoblins (D:1)
  2 jackals (D:1)
  4 kobolds
  3 frilled lizards (D:1)
  2 rats (D:1)
28 creatures vanquished.

Notes
Turn   | Place    | Note
-------+----------+-------------------------------------------
     0 | D:1      | KristoblXynda the Draconian Gladiator began the quest for
                  | the Orb.
     0 | D:1      | Reached XP level 1. HP: 17/17 MP: 1/1
   139 | D:1      | Reached XP level 2. HP: 21/25 MP: 2/2
   351 | D:1      | Reached XP level 3. HP: 23/30 MP: 3/3
   791 | D:2      | Slain by a worm

Levels and vault maps discovered:
D:1:      matt_arrival_refuge, layout_basic
D:2:      layout_basic

Skill      XL: |  1  2 |
---------------+-------+-----
Throwing       | 2 |  2.0
Dodging        | 3 |  3.0
Fighting       | |  2.7
Long Blades    | |  3.5

Action                   || total
-------------------------++-------
Melee: Long sword        ||    50
       Tailslap          ||    10
 Stab: Sleeping          ||     1
Armor: Skin              ||    18
Dodge: Dodged            ||    41
       Rpst.: Long sword ||    17

Table legend:
 A = Non-vault XP
 B = Vault XP
 C = Vault XP percentage of total XP
 D = Non-vault monster count
 E = Vault monster count
 F = Vault count percentage of total count
                 A         B        C        D         E       F
            +---------+---------+-------+---------+---------+-------
      Total |      50 |       0 |   0.0 |      28 |       0 |   0.0
            +---------+---------+-------+---------+---------+-------
        D:1 |      47 |       0 |   0.0 |      26 |       0 |   0.0
        D:2 |       3 |       0 |   0.0 |       2 |       0 |   0.0
            +---------+---------+-------+---------+---------+-------
